 Dungeon Crawl Stone Soup version 0.26-a0-466-g989023bd0d (webtiles) character file.

Game seed: 3319476109745653842

254 Lanoc the Poker (level 6, -14/49 HPs)
             Began as a Merfolk Berserker on Aug 14, 2020.
             Was a Believer of Trog.
             Demolished by an ogre
             ... wielding a +0 giant spiked club
              (16 damage)
             ... on level 4 of the Dungeon.
             The game lasted 00:03:49 (2598 turns).

Lanoc the Poker (Merfolk Berserker)                 Turns: 2598, Time: 00:03:50

Health: -14/49     AC:  2    Str: 17    XL:     6   Next: 14%
Magic:  6/6        EV: 14    Int:  7    God:    Trog [**....]
Gold:   136        SH:  0    Dex: 15    Spells: 5/5 levels left

rFire    . . .     SeeInvis .   a - +0 spear
rCold    . . .     Faith    .   (no shield)
rNeg     . . .     Spirit   .   b - +0 animal skin
rPois    .         Reflect  .   (no helmet)
rElec    .         Harm     .   (no cloak)
rCorr    .                      (no gloves)
MR       .....                  (no boots)
Stlth    +.........             (no amulet)
HPRegen  0.16/turn              (no ring)
MPRegen  0.10/turn              (no ring)

@: berserk cooldown
A: change form in water, swift swim, stealthy swim
a: Berserk, Trog's Hand, Renounce Religion


You were on level 4 of the Dungeon.
You worshipped Trog.
Trog was pleased with you.
You visited 1 branch of the dungeon, and saw 4 of its levels.

You collected 136 gold pieces.

Inventory:

Hand Weapons
 a - a +0 spear (weapon)
Armour
 b - a +0 animal skin (worn)
Jewellery
 g - a cursed ring of teleportation {unknown}
Wands
 j - a wand of random effects (25)
Scrolls
 c - a scroll of random uselessness {unknown}
 d - a scroll of identify
 e - 3 scrolls of remove curse
 f - a scroll of blinking {unknown}
 i - a scroll of noise


   Skills:
 + Level 4.3 Fighting
 * Level 7.0 Polearms
 + Level 2.3 Armour
 + Level 4.3 Dodging


You had 5 spell levels left.
You didn't know any spells.
Your spell library was empty.

Dungeon Overview and Level Annotations

Branches:
Dungeon (4/15)
 Temple: D:4-7

Altars:
Fedhas
Trog
Zin

Shops:
D:2 *


Message History

You hit the ogre.
The ogre is lightly wounded.
The ogre hits you with a +0 giant spiked club!
You hit the ogre but do no damage.
The ogre is lightly wounded.
The ogre hits you with a +0 giant spiked club!!
* * * LOW HITPOINT WARNING * * *
It was a potion of cancellation.
Your magical effects are unravelling.
You feel magically purged.
You feel yourself speed up.
An ogre comes into view. It is wielding a +0 giant spiked club.
The ogre misses you.
As you read the scroll labeled ZAUTUF KAJOROKK, it crumbles to dust.
It is a scroll of identify.
i - a scroll of noise
As you read the scroll labeled TON KIUSHRUZI, it crumbles to dust.
You feel blessed for a moment.
It was a scroll of remove curse.
The ogre hits you with a +0 giant spiked club!
You die...

#......†# .# #.#..##.#
.###.# #.##.##... .....#
.......)###.##..#
#.##.##.# #.##..#
#.##.##.# #.##..# #
#.......###.##..####.###
####.##.##.#.#..........
#.#....###...@OO..#
#.#..##.#.#)#######
#.#.........#
#.##........#
#.######.#.## #.# #"#.#
#.# #.#.# #.... ###.#


You could see 2 ogres.

Vanquished Creatures
  An ogre (D:4)
  An orc priest (D:4)
  An orc wizard (D:4)
  2 adders (D:2)
  A gnoll (D:1)
  6 worms
  4 dart slugs
  4 orcs
  8 goblins
  7 hobgoblins
  2 quokkas
  A ball python (D:3)
  5 bats
  2 frilled lizards (D:3)
  6 kobolds
  11 rats
62 creatures vanquished.

Notes
Turn   | Place    | Note
-------+----------+-------------------------------------------
     0 | D:1      | Lanoc the Merfolk Berserker began the quest for the Orb.
     0 | D:1      | Reached XP level 1. HP: 18/18 MP: 1/1
    38 | D:1      | Reached XP level 2. HP: 14/24 MP: 2/2
   393 | D:1      | Reached skill level 5 in Polearms
   469 | D:2      | Found a blossoming altar of Fedhas.
   477 | D:2      | Reached XP level 3. HP: 29/29 MP: 3/3
   569 | D:2      | Found a glowing silver altar of Zin.
   569 | D:2      | Found Zin's Purification Station.
  1200 | D:2      | Noticed a moth of wrath
  1223 | D:2      | Reached XP level 4. HP: 37/37 MP: 4/4
  1604 | D:2      | Found a bloodstained altar of Trog.
  1607 | D:2      | Reached ** piety under Trog
  1968 | D:3      | Reached skill level 6 in Polearms
  2521 | D:4      | Noticed an ogre
  2528 | D:4      | Killed an ogre
  2528 | D:4      | Reached XP level 5. HP: 42/42 MP: 5/5
  2584 | D:4      | Reached XP level 6. HP: 48/48 MP: 6/6
  2589 | D:4      | Reached skill level 7 in Polearms
  2595 | D:4      | HP: 1/49 [ogre/+0 giant spiked club (24)]
  2598 | D:4      | Demolished by an ogre

Illustrated notes

Levels and vault maps discovered:
D:1:      dpeg_arrival_short_road, layout_loops_ring
D:2:      layout_loops_ring, zin_purify, tgw_trog,
          nicolae_overflow_crystal_walls, chequers_serial_rivers_micro_c
D:3:      layout_basic
D:4:      layout_loops_ring, serial_shops, shop, doesnt_xom_only_xom

Skill      XL: |  1  2  3  4  5  6 |
---------------+-------------------+-----
Dodging        | 3 4 |  4.3
Polearms       | 5 6 7 |  7.0
Armour         | 2 |  2.3
Fighting       | 4 |  4.3

Action                   |  1- 3 |  4- 6 || total
-------------------------+-------+-------++-------
Melee: Spear             |    85 |    98 ||   183
Invok: Berserk           |     4 |     5 ||     9
  Use: Scroll            |       |     2 ||     2
       Potion            |       |     1 ||     1
 Stab: Sleeping          |     3 |     2 ||     5
Armor: Animal skin       |     9 |     7 ||    16
Dodge: Dodged            |    34 |    39 ||    73

Table legend: (Time is in decaauts)
 A = Elapsed time spent in this place.
 B = Non-inter-level travel time spent in this place.
 C = Inter-level travel time spent in this place.
 D = Time resting spent in this place.
 E = Time spent auto-exploring this place.
 F = Levels seen in this place.
 G = Mean time per level.
                   A        B        C        D        E       F      G
               +--------+--------+--------+--------+--------+-----+--------+
         Total |   2633 |   2601 |     32 |     25 |   2235 |   4 |  658.2 |
       Dungeon |   2633 |   2601 |     32 |     25 |   2235 |   4 |  658.2 |
               +--------+--------+--------+--------+--------+-----+--------+

Top non-repeatable levels by time:
     D:2: 1381 daAuts
     D:3: 682 daAuts
     D:1: 477 daAuts
     D:4: 92 daAuts
